 Dungeon Crawl Stone Soup version 0.28-a0-1190-g77e1c55843 (webtiles) character file.

Game seed: 3675240737522921516

1679 pokeman the Thaumaturge (level 8, -8/43 HPs)
             Began as a Deep Elf Hedge Wizard on Dec 18, 2021.
             Was an Initiate of Vehumet.
             Mangled by a phantasmal warrior (19 damage)
             ... led by a death knight
             ... on level 7 of the Dungeon.
             The game lasted 00:22:01 (8422 turns).

pokeman the Thaumaturge (Deep Elf Hedge Wizard)     Turns: 8422, Time: 00:22:02

Health: -8/43      AC:  8    Str: 16    XL:     8   Next: 70%
Magic:  21/23      EV: 12    Int: 31    God:    Vehumet [......]
Gold:   375        SH:  0    Dex: 16    Spells: 15/26 levels left

rFire   . . .      SeeInvis .   I - +10 falchion "Otualu" {vorpal, Dex+2 Stlth+}
rCold   . . .      Faith    .   (no shield)
rNeg    . . .      Spirit   .   p - +0 leather armour
rPois   +          Reflect  .   A - +0 helmet of the Pits of Slime {Harm Drain rPois Will+ Str+2}
rElec   .          Harm     +   E - +0 cloak
rCorr   .          Rampage  .   m - +1 pair of gloves
Will    .....                   H - +0 pair of boots "Ulaan" {*Slow Str+7 Int+3}
Stlth   +++.......              i - amulet of magic regeneration
HPRegen 0.14/turn               v - +6 ring of intelligence
MPRegen 0.58/turn               (no ring)

@: weak-willed
A: no striking features
a: Renounce Religion


You were on level 7 of the Dungeon.
You worshipped Vehumet.
Vehumet was noncommittal.
You visited 2 branches of the dungeon, and saw 8 of its levels.

You collected 375 gold pieces.

Inventory:

Hand Weapons
 l - a +0 hand crossbow
 y - a +0 shortbow
 D - a +2 quarterstaff of chaos
 I - the +10 falchion "Otualu" (weapon) {vorpal, Dex+2 Stlth+}
   (You found it on level 7 of the Dungeon)

   It inflicts extra damage upon your enemies.
   Dex:       It affects your dexterity (+2).
   Stlth:     It makes you more stealthy.
Missiles
 f - 117 bolts
 g - 116 arrows
Armour
 m - a +1 pair of gloves (worn)
 p - a +0 leather armour (worn)
 x - a +0 buckler
 A - the +0 helmet of the Pits of Slime (worn) {Harm Drain rPois Will+ Str+2}
   (You found it on level 5 of the Dungeon)

   Str:       It affects your strength (+2).
   rPois:     It protects you from poison.
   Drain:     It drains your maximum health when unequipped.
   Harm:      It increases damage dealt and taken.
   Will:      It increases your willpower.
 E - a +0 cloak (worn)
 H - the +0 pair of boots "Ulaan" (worn) {*Slow Str+7 Int+3}
   (You found it on level 6 of the Dungeon)

   Str:       It affects your strength (+7).
   Int:       It affects your intelligence (+3).
   *Slow:     It may slow you when you take damage.
Magical Staves
 q - a staff of cold
Jewellery
 i - an amulet of magic regeneration (around neck)
 v - a +6 ring of intelligence (left hand)
Wands
 o - a wand of mindburst (10)
 G - a wand of acid (11)
 J - a wand of charming (9)
Scrolls
 c - 2 scrolls of vulnerability
 e - 6 scrolls of identify {unknown}
 r - 2 scrolls of teleportation {unknown}
 s - a scroll of immolation {unknown}
 t - a scroll of noise {unknown}
 F - a scroll of silence {unknown}
Potions
 a - 2 potions of heal wounds {unknown}
 b - a potion of ambrosia {unknown}
 h - a potion of cancellation {unknown}
 j - 2 potions of flight {unknown}
 k - a potion of resistance {unknown}
 n - a potion of attraction {unknown}
 u - a potion of haste {unknown}
 w - 3 potions of mutation {unknown}
 z - 2 potions of degeneration {unknown}
 B - a potion of berserk rage {unknown}
 C - a potion of curing


   Skills:
 - Level 1.0 Fighting
 - Level 1.0 Armour
 - Level 3.0 Dodging
 - Level 3.0 Stealth
 + Level 3.9 Shields
 * Level 9.8 Spellcasting
 + Level 5.1 Conjurations
 - Level 1.1 Summonings
 - Level 3.0 Necromancy
 - Level 1.1 Translocations
 + Level 2.6 Fire Magic
 - Level 1.0 Ice Magic
 - Level 1.0 Air Magic
 - Level 1.1 Poison Magic
 - Level 1.0 Evocations


You had 15 spell levels left.
You knew the following spells:

 Your Spells              Type           Power      Damage    Failure   Level
a - Magic Dart            Conj           100%       1d8       1%          1
b - Mephitic Cloud        Conj/Pois/Air  30%        N/A       4%          3
c - Call Imp              Summ           22%        N/A       4%          2
d - Blink                 Tloc           44%        N/A       4%          2
e - Conjure Flame         Conj/Fire      39%        6-21      2%          3

Your spell library contained the following spells:

 Spells                   Type           Power      Damage    Failure   Level
 Slow                     Hex            60%        N/A       4%          1
 Ozocubu's Armour         Ice            21%        N/A       8%          3
 Metabolic Englaciation   Hex/Ice        9%         N/A       65%         5
 Simulacrum               Ice/Necr       13%        N/A       95%         6


Dungeon Overview and Level Annotations

Branches:
Dungeon (7/15)             Temple (1/1) D:5

Altars:
Cheibriados
Fedhas
Gozag
Hepliaklqana
Uskayaw
Vehumet
Zin


Message History

The death knight hits your crimson imp with a +0 glaive!!
Your crimson imp dies!
Your crimson imp disappears in a puff of smoke!
The phantasmal warrior gestures at you.
The phantasmal warrior blinks!
Unknown command.
Unknown command.
The phantasmal warrior gestures at you.
The phantasmal warrior blinks!
You see here an iguana corpse.
Casting: Call Imp (safe; 4% risk of failure)
Confirm with . or Enter, or press ? or * to list all spells.
A beastly little devil appears in a puff of flame.
The skeletal warrior is engulfed in blazing flames.
You swap places.
The death knight's dark mirror aura disappears.
The skeletal warrior hits your crimson imp with a +0 battleaxe!!
Your crimson imp dies!
Your crimson imp disappears in a puff of smoke!
The death knight is engulfed in blazing flames.
The phantasmal warrior gestures at you.
The phantasmal warrior blinks!
Casting: Call Imp (safe; 4% risk of failure)
Confirm with . or Enter, or press ? or * to list all spells.
You blink.
The phantasmal warrior hits you!
Unknown command.
As you read the scroll labelled YXEUST GIJOMM, it crumbles to dust.
Magic quickly surges around you.
It was a scroll of vulnerability.
The phantasmal warrior hits you but does no damage.
The phantasmal warrior gestures at you.
The phantasmal warrior blinks!
This is a scroll of acquirement!
Something appears at your feet!
You feel stable enough to blink again.
The death knight invokes the aid of Yredelemnul against you.
Your body is wracked with pain!
* * * LOW HITPOINT WARNING * * *
The skeletal warrior hits you but does no damage.
The phantasmal warrior hits you!
You die...

#.###..# ##....§## ###..#
#.# ..# ##...## #..#
#.###..# ##'## #..#
#.##...# #.# ... #.##.#.#
#†# ## #......# ##W##
####.#######§p.###########
#.........z..##.......#
#.######.@$.###.#####.#
#.######.#W####.#####.#
#..........))))........
#.######.#.####.#####.#
#.######.#.# #.#####.#
#........#.# #.......#
##########.# ######### #.#
#.###


You could see a death knight (weak-willed), a skeletal warrior (weak-willed), a
phantasmal warrior (weak-willed) and a freezing wraith (weak-willed).

Vanquished Creatures
  Grinder (D:5)
  A water moccasin (D:6)
  An ogre (D:4)
  A kobold brigand (D:7)
  3 scorpions
  A water moccasin zombie (D:6)
  3 jellies
  2 howler monkeys
  2 bullfrog zombies
  2 centaur zombies
  An orc priest (D:5)
  3 hounds
  A bullfrog skeleton (D:6)
  Crazy Yiuf (D:5)
  A gnoll shaman (D:5)
  Ijyb (D:3)
  A centaur skeleton (D:5)
  An iguana (D:7)
  A scorpion zombie (D:5)
  2 orc wizards
  A killer bee zombie (D:7)
  A hound skeleton (D:4)
  Robin (D:2)
  9 gnolls
  A howler monkey skeleton (D:4)
  2 adders (D:5)
  A shadow imp (D:6)
  2 white imps
  2 ufetubi
  4 dart slugs
  6 orcs
  A ball python (D:1)
  3 endoplasms
  3 giant cockroaches
  13 goblins
  6 hobgoblins
  8 jackals
  16 kobolds
  6 quokkas
  4 bats
  4 frilled lizards
  6 rats
130 creatures vanquished.

Vanquished Creatures (others)
  5 plants
5 creatures vanquished.

Grand Total: 135 creatures vanquished

Notes
Turn   | Place    | Note
-------+----------+-------------------------------------------
     0 | D:1      | pokeman the Deep Elf Hedge Wizard began the quest for the
                  | Orb.
     0 | D:1      | Reached XP level 1. HP: 10/10 MP: 7/7
   477 | D:1      | Found a faded altar of an unknown god.
   560 | D:1      | Reached XP level 2. HP: 16/16 MP: 6/9
  1255 | D:2      | Reached skill level 5 in Spellcasting
  1533 | D:2      | Reached XP level 3. HP: 20/20 MP: 3/11
  1541 | D:2      | Learned a level 3 spell: Mephitic Cloud
  1544 | D:2      | Learned a level 2 spell: Call Imp
  1547 | D:2      | Learned a level 2 spell: Blink
  1551 | D:2      | Learned a level 3 spell: Conjure Flame
  1634 | D:2      | Found a hide-covered altar of Uskayaw.
  1695 | D:2      | Reached skill level 1 in Armour
  1703 | D:2      | Reached skill level 1 in Fighting
  1708 | D:2      | Reached XP level 4. HP: 13/25 MP: 1/13
  1912 | D:2      | Noticed Robin
  2351 | D:2      | Killed Robin
  2744 | D:3      | Noticed Ijyb
  2766 | D:3      | Killed Ijyb
  2767 | D:3      | Reached skill level 1 in Fire Magic
  3006 | D:3      | Found a blossoming altar of Fedhas.
  3306 | D:3      | Reached skill level 6 in Spellcasting
  3454 | D:4      | Reached XP level 5. HP: 29/29 MP: 13/15
  3470 | D:4      | Noticed an ogre
  3739 | D:4      | Killed an ogre
  3740 | D:4      | Reached skill level 1 in Necromancy
  3965 | D:4      | Reached XP level 6. HP: 32/34 MP: 12/17
  4038 | D:4      | Reached skill level 1 in Ice Magic
  4038 | D:4      | Reached skill level 1 in Evocations
  4072 | D:4      | Reached skill level 7 in Spellcasting
  4171 | D:4      | Found a faded altar of an unknown god.
  4171 | D:4      | Found a faded altar of an unknown god.
  4171 | D:4      | Found a hazy altar of Hepliaklqana.
  4659 | D:5      | Entered Level 5 of the Dungeon
  4666 | D:5      | Noticed Grinder
  4802 | D:5      | Reached skill level 1 in Poison Magic
  4958 | D:5      | Reached skill level 1 in Air Magic
  4968 | D:5      | Reached XP level 7. HP: 25/38 MP: 14/20
  5331 | D:5      | Reached skill level 1 in Shields
  5331 | D:5      | Reached skill level 8 in Spellcasting
  5521 | D:5      | Found a staircase to the Ecumenical Temple.
  5536 | D:5      | Identified the +0 helmet of the Pits of Slime {Harm Drain
                  | rPois Will+ Str+2}
  5563 | Temple   | Entered the Ecumenical Temple
  5571 | Temple   | Became a worshipper of Vehumet
  5657 | D:5      | Found a runed translucent door.
  5658 | D:5      | Noticed Crazy Yiuf
  6195 | D:5      | Killed Grinder
  6493 | D:5      | Reached XP level 8. HP: 41/43 MP: 6/22
  6716 | D:5      | Killed Crazy Yiuf
  7059 | D:6      | Reached skill level 9 in Spellcasting
  7173 | D:6      | Identified the +0 pair of boots "Ulaan" {*Slow Str+7 Int+3}
  7248 | D:6      | Found a glowing silver altar of Zin.
  7357 | D:6      | Found an opulent altar of Gozag.
  8131 | D:7      | Identified the +10 falchion "Otualu" {vorpal, Dex+2 Stlth+}
  8189 | D:7      | Reached skill level 5 in Conjurations
  8378 | D:7      | Noticed a skeletal warrior
  8378 | D:7      | Noticed a freezing wraith
  8380 | D:7      | Noticed a death knight
  8380 | D:7      | Noticed a freezing wraith
  8380 | D:7      | Noticed a phantasmal warrior
  8421 | D:7      | Identified a scroll of acquirement
  8421 | D:7      | Acquired 1072 gold pieces
  8422 | D:7      | Mangled by a phantasmal warrior

Illustrated notes

Levels and vault maps discovered:
D:1:      dpeg_arrival_boxes_within_box, layout_loops_ring,
          chequers_ecumenical_altar_simple, minmay_pentomino_v2
D:2:      layout_rooms, basic_altar, uniq_robin
D:3:      layout_basic, mainiacjoe_overflow_tiny_flanked, serial_bayou_pond_d,
          minmay_misc_feat_four_crosses, dk_noncrumbling_4, serial_bayou_lake_a,
          uniq_ijyb
D:4:      layout_rooms, nicolae_hepliaklqana_ecumenical_no_more
D:5:      corexii_shack_village, layout_gridville,
          minmay_temple_entry_drinking_statues, uniq_grinder,
          uniq_crazy_yiuf_cottage
D:6:      layout_loops_ring, pdpol_temple_overflow_zin_treasury_gozag_greed,
          kennysheep_pointless_box, bh_walls_and_bars
D:7:      minmay_spotlight, layout_loops_corners, minmay_misc_feat_hallway,
          minivault_11
Temple:   dpeg_chambers_temple

Skill      XL: |  1  2  3  4  5  6  7  8 |
---------------+-------------------------+-----
Spellcasting   | 5 6 7 8 9 |  9.8
Armour         | 1 |  1.0
Fighting       | 1 |  1.0
Conjurations   | 2 3 4 5 |  5.1
Fire Magic     | 1 2 |  2.6
Dodging        | 3 |  3.0
Stealth        | 3 |  3.0
Necromancy     | 1 3 |  3.0
Ice Magic      | 1 |  1.0
Evocations     | 1 |  1.0
Poison Magic   | 1 |  1.1
Air Magic      | 1 |  1.0
Shields        | 3 |  3.9
Summonings     | |  1.1
Translocations | |  1.1

Action                   |  1- 3 |  4- 6 |  7- 9 || total
-------------------------+-------+-------+-------++-------
Melee: Dagger            |    31 |    81 |    39 ||   151
       Falchion          |       |       |     3 ||     3
 Cast: Magic Dart        |    79 |   125 |    89 ||   293
       Mephitic Cloud    |     2 |     9 |    12 ||    23
       Conjure Flame     |     1 |     4 |    17 ||    22
       Blink             |       |     2 |    14 ||    16
       Call Imp          |       |       |     5 ||     5
Evoke: Wand              |       |       |     1 ||     1
  Use: Scroll            |       |       |     2 ||     2
 Stab: Confused          |     1 |     3 |     7 ||    11
       Sleeping          |       |     1 |       ||     1
Armor: Robe              |     5 |     3 |       ||     8
       Leather armour    |       |    29 |    27 ||    56
Dodge: Dodged            |    35 |    71 |    28 ||   134

Table legend: (Time is in decaauts)
 A = Elapsed time spent in this place.
 B = Non-inter-level travel time spent in this place.
 C = Inter-level travel time spent in this place.
 D = Time resting spent in this place.
 E = Time spent auto-exploring this place.
 F = Levels seen in this place.
 G = Mean time per level.
                   A        B        C        D        E       F      G
               +--------+--------+--------+--------+--------+-----+--------+
         Total |   8459 |   8058 |    401 |    808 |   5948 |   8 | 1057.4 |
       Dungeon |   8442 |   8041 |    401 |    808 |   5948 |   7 | 1206.0 |
        Temple |     16 |     16 |      0 |      0 |      0 |   1 |   16.0 |
               +--------+--------+--------+--------+--------+-----+--------+

Top non-repeatable levels by time:
     D:5: 1832 daAuts
     D:1: 1639 daAuts
     D:4: 1363 daAuts
     D:6: 1241 daAuts
     D:2: 1051 daAuts
     D:3: 942 daAuts
     D:7: 372 daAuts
  Temple: 16 daAuts
